 Dungeon Crawl Stone Soup version 0.29-a0-82-g837932c90e (webtiles) character file.

Game seed: 8063672585582915924

3 fragbeetle the Chopper (level 1, -2/20 HPs)
             Began as a Hill Orc Cinder Acolyte on Feb 4, 2022.
             Was a High Priest of Ignis.
             Slain by a frilled lizard (3 damage)
             ... on level 1 of the Dungeon.
             The game lasted 00:00:23 (209 turns).

fragbeetle the Chopper (Hill Orc Cinder Acolyte)     Turns: 209, Time: 00:00:23

Health: -2/20      AC:  3    Str: 16    XL:     1   Next: 50%
Magic:  2/2        EV: 11    Int: 14    God:    Ignis [*****.]
Gold:   0          SH:  0    Dex:  6    Spells: 2/2 levels left

rFire   + . .      SeeInvis .   a - -1 hand axe (flame)
rCold   . . .      Faith    .   (no shield)
rNeg    . . .      Spirit   .   b - +0 robe
rPois   .          Reflect  .   (no helmet)
rElec   .          Harm     .   d - +0 cloak
rCorr   .          Rampage  .   (no gloves)
Will    .....                   (no boots)
Stlth   +.........              (no amulet)
HPRegen 0.06/turn               (no ring)
MPRegen 0.08/turn               (no ring)

@: no status effects
A: no striking features
a: Renounce Religion, Fiery Armour, Foxfire Swarm, Rising Flame


You were on level 1 of the Dungeon.
You worshipped Ignis.
Ignis was extremely pleased with you.
You visited 1 branch of the dungeon, and saw 1 of its levels.

Inventory:

Hand Weapons
 a - a -1 hand axe of flaming (weapon)
Armour
 b - a +0 robe (worn)
 d - a +0 cloak (worn)
Scrolls
 c - a scroll of holy word {unknown}


   Skills:
 + Level 3.6 Fighting
 * Level 4.1 Axes
 + Level 1.0 Spellcasting
 * Level 3.3 Fire Magic


You had 2 spell levels left.
You didn't know any spells.
Your spell library contained the following spells:

 Spells                   Type           Power      Damage    Failure   Level
 Scorch                   Fire           20%        2d6       10%         2


Dungeon Overview and Level Annotations

Branches:
Dungeon (1/15)

Altars:


Message History

You start putting on your armour.
You continue putting on your +0 cloak. x4
You finish putting on your +0 cloak.
HP restored.
You open the door.
A goblin comes into view. It is wielding a +0 club.
The goblin shouts!
A goblin and an endoplasm come into view.
The goblin shouts!
The endoplasm quivers.
A frilled lizard comes into view.
There is an open door here.
The frilled lizard hisses angrily.
You hit the endoplasm. You burn the endoplasm.
You kill the endoplasm!
You closely miss the goblin. The goblin hits you with a +0 club.
You closely miss the goblin. The goblin hits you with a +0 club.
You hit the goblin but do no damage. You hit the goblin. You burn the goblin.
The goblin closely misses you. The goblin hits you with a +0 club.
The goblin closely misses you.
You miss the goblin.
The goblin is heavily wounded.
You closely miss the goblin. The goblin completely misses you.
The goblin hits you with a +0 club.
You barely miss the goblin.
The goblin is heavily wounded.
You completely miss the goblin. The goblin hits you but does no damage.
The goblin hits you with a +0 club. x2
* * * LOW HITPOINT WARNING * * *
You are too injured to fight recklessly!
You are too injured to fight recklessly!
You are too injured to fight recklessly!
There is an open door here.
You barely miss the frilled lizard. The frilled lizard barely misses you.
The frilled lizard bites you.
* * * LOW HITPOINT WARNING * * *
You barely miss the frilled lizard. The frilled lizard bites you.
* * * LOW HITPOINT WARNING * * *
You closely miss the frilled lizard. The frilled lizard misses you.
You barely miss the frilled lizard. The frilled lizard bites you.
You die...

######## ######
.......######## #....#
.......)......# #....#
.......####.#.# #....#
...)...# ##.#.# #....#
###'######....#####....####
....##......##..@lgg.......
###.##.###..##.####.......#
#.##.#.#..##.# ##......#
###.##.#.#..##.# ......#
.............#.# .......
...........>.... .......
................ .......
................ .......
............... .......


You could see 2 goblins and a frilled lizard.

Vanquished Creatures
  An endoplasm (D:1)
  A goblin (D:1)
  A kobold (D:1)
3 creatures vanquished.

Notes
Turn   | Place    | Note
-------+----------+-------------------------------------------
     0 | D:1      | fragbeetle the Hill Orc Cinder Acolyte began the quest for
                  | the Orb.
     0 | D:1      | Reached XP level 1. HP: 19/19 MP: 2/2
   207 | D:1      | HP: 1/20 [frilled lizard (2)]
   209 | D:1      | Slain by a frilled lizard

Illustrated notes

Levels and vault maps discovered:
D:1:      lemuel_arrival_rhombus, layout_basic, serial_shops, shop_statue,
          moated_statue

Action                   || total
-------------------------++-------
Melee: Hand axe          ||    17
Armor: Robe              ||     3
Dodge: Dodged            ||     7

Table legend: (Time is in decaauts)
 A = Elapsed time spent in this place.
 B = Non-inter-level travel time spent in this place.
 C = Inter-level travel time spent in this place.
 D = Time resting spent in this place.
 E = Time spent auto-exploring this place.
 F = Levels seen in this place.
 G = Mean time per level.
                   A        B        C        D        E       F      G
               +--------+--------+--------+--------+--------+-----+--------+
         Total |    210 |    210 |      0 |      0 |    161 |   1 |  210.0 |
       Dungeon |    210 |    210 |      0 |      0 |    161 |   1 |  210.0 |
               +--------+--------+--------+--------+--------+-----+--------+

Top non-repeatable levels by time:
     D:1: 210 daAuts
